 Dungeon Crawl Stone Soup version 0.29.1-2-gbd0b4ee654 (webtiles) character file.

Game seed: 3680390869262885245

98 opdollar the Vexing (level 4, 0/34 HPs)
             Began as a Gnoll Arcane Marksman on Nov 11, 2022.
             Slain by a worm (1 damage)
             ... on level 2 of the Dungeon.
             The game lasted 00:31:08 (1697 turns).

opdollar the Vexing (Gnoll Arcane Marksman)         Turns: 1697, Time: 00:31:08

Health: 0/34       AC:  9    Str:  9    XL:     4   Next: 69%
Magic:  17/17      EV:  4    Int: 18    God:
Gold:   93         SH:  0    Dex: 15    Spells: 8/9 levels left

rFire   . . .      SeeInvis .   a - +1 sling
rCold   . . .      Faith    .   (no shield)
rNeg    . . .      Spirit   .   f - +0 chain mail
rPois   .          Reflect  .   (no helmet)
rElec   .          Harm     .   (no cloak)
rCorr   .          Rampage  .   (no gloves)
Will    .....                   B - +0 pair of boots
Stlth   ..........              (no amulet)
HPRegen 0.11/turn               o - +6 ring of intelligence
MPRegen 0.15/turn               s - ring of magical power

@: invisible
A: fangs 1, strong nose, distributed training
a: no special abilities


You were on level 2 of the Dungeon.
You visited 1 branch of the dungeon, and saw 2 of its levels.

You collected 93 gold pieces.

Inventory:

Hand Weapons
 a - a +1 sling (weapon)
 e - a +0 club
 g - a +0 dagger
 h - a +0 club
 j - a +0 short sword
 l - a +0 club
 n - a +0 short sword
 w - a +0 flail
Missiles
 d - 11 stones
 x - 4 atropa-tipped darts
Armour
 c - a +0 robe
 f - a +0 chain mail (worn)
 p - a +0 ring mail
 q - a +0 chain mail
 r - a +0 robe
 B - a +0 pair of boots (worn)
Magical Staves
 u - a staff of conjuration
Jewellery
 o - a +6 ring of intelligence (left hand)
 s - a ring of magical power (right hand)
Scrolls
 b - a scroll of poison
 k - 5 scrolls of identify {unknown}
 m - a scroll of magic mapping {unknown}
 v - a scroll of fear {unknown}
 y - a scroll of acquirement {unknown}
 A - a scroll of amnesia {unknown}
 C - a scroll of teleportation {unknown}
 D - a scroll of butterflies {unknown}
Potions
 i - a potion of lignification {unknown}
 t - a potion of curing {unknown}


   Skills:
 + Level 2.8 Fighting
 + Level 1.2 Short Blades
 + Level 1.2 Long Blades
 + Level 1.2 Axes
 + Level 1.2 Maces & Flails
 + Level 1.2 Polearms
 + Level 1.2 Staves
 + Level 4.7 Ranged Weapons
 + Level 1.2 Throwing
 + Level 1.2 Armour
 + Level 4.7 Dodging
 + Level 1.2 Stealth
 + Level 1.2 Shields
 + Level 1.2 Unarmed Combat
 + Level 3.0 Spellcasting
 + Level 1.0 Conjurations
 + Level 5.5 Hexes
 + Level 1.0 Summonings
 + Level 1.0 Necromancy
 + Level 1.0 Translocations
 + Level 1.0 Transmutations
 + Level 1.0 Fire Magic
 + Level 1.0 Ice Magic
 + Level 1.0 Air Magic
 + Level 1.0 Earth Magic
 + Level 1.0 Poison Magic
 + Level 1.4 Invocations
 + Level 1.2 Evocations


You had 8 spell levels left.
You knew the following spells:

 Your Spells              Type           Power      Damage    Failure   Level
a - Slow                  Hex            88%        N/A       88%         1

Your spell library contained the following spells:

 Spells                   Type           Power      Damage    Failure   Level
 Sublimation of Blood     Necr           6%         N/A       100%        2
 Inner Flame              Hex/Fire       14%        N/A       100%        3
 Portal Projectile        Hex/Tloc       28%        N/A       100%        3
 Cause Fear               Hex            11%        N/A       100%        4
 Petrify                  Tmut/Erth      6%         N/A       100%        4
 Irradiate                Conj/Tmut      3%         3d12      100%        5


Dungeon Overview and Level Annotations

Branches:
Dungeon (2/15)

Altars:


Innate Abilities, Weirdness & Mutations

You have very sharp teeth.
Your uncanny sense of smell can sniff out nearby items.
Your experience applies equally to all skills.


Message History

The worm is moderately wounded.
The bat hits you. The bat barely misses you. The worm bites you.
Fire: a) +1 sling
Press: ? - help, Shift-Dir - straight line, f/p - worm
Aim: a worm (moderately wounded, 79% to hit)
You shoot a sling bullet. The sling bullet hits the worm.
The worm is heavily wounded.
The bat hits you but does no damage. x3; The worm bites you.
* * * LOW HITPOINT WARNING * * *
The bat barely misses you. The bat hits you but does no damage.
The worm bites you but does no damage.
Fire: a) +1 sling
Press: ? - help, Shift-Dir - straight line, f/p - worm
Aim: a worm (moderately wounded, 79% to hit)
You shoot a sling bullet.
The sling bullet hits the worm but does no damage.
The worm is moderately wounded.
The bat barely misses you. The bat hits you but does no damage. x2
The bat completely misses you. The worm bites you.
* * * LOW HITPOINT WARNING * * *
The bat hits you but does no damage.
Fire: a) +1 sling
Press: ? - help, Shift-Dir - straight line, f/p - worm
Aim: a worm (moderately wounded, 79% to hit)
You shoot a sling bullet. The sling bullet hits the worm!
The worm is severely wounded.
The bat hits you but does no damage. x3; The bat barely misses you.
The bat hits you but does no damage. The worm barely misses you.
Fire: a) +1 sling
Press: ? - help, Shift-Dir - straight line, f/p - worm
Aim: a worm (severely wounded, 79% to hit)
You shoot a sling bullet.
The sling bullet barely misses the worm.
The bat hits you but does no damage. The bat barely misses you.
The worm bites you but does no damage. The bat barely misses you.
It was a potion of invisibility.
You fade into invisibility!
The bat completely misses you. The bat hits you but does no damage.
The worm bites you.
You die...

##..##.#.##.#.#.##.....#........#
...##.#.##.#.#.#.##.>...........#
####.#.##.#.###.#.##<......######
.##.#.##.##.#.##.......#
##.#.##.#.##.#.#####...###
##.#.##.#.#.##.#.## #.....#
##.#.##.#...#.##.#.###...#.#
#.#.##.)..##.#w##.#.##.###.#
##.#...#.##.#@##.#.##.^....#
##.#.#.##.#b##.#.##.....###
##.#.##.#b##.#.##...##.#
##.##.#.##.#.##.....#.#
###.#.##.#.##....#.#.#
#$#.##.#.##.......#.#
.#.##.#.##......#.#.#
.##.#.###.#†...#.#.# ##.#.##
#......#.#.#


You could see a worm (unable to see you) and 2 bats.

Vanquished Creatures
  3 gnolls (D:2)
  An adder (D:2)
  A worm (D:2)
  A dart slug (D:1)
  3 ball pythons
  3 endoplasms
  3 giant cockroaches
  5 goblins
  3 hobgoblins
  6 jackals (D:1)
  10 bats
  A frilled lizard (D:2)
  6 kobolds
  6 rats
52 creatures vanquished.

Notes
Turn   | Place    | Note
-------+----------+-------------------------------------------
     0 | D:1      | opdollar the Gnoll Arcane Marksman began the quest for the
                  | Orb.
     0 | D:1      | Reached XP level 1. HP: 17/17 MP: 4/4
   140 | D:1      | Reached XP level 2. HP: 23/23 MP: 5/5
   480 | D:1      | Reached XP level 3. HP: 28/28 MP: 7/7
   640 | D:1      | Reached skill level 1 in Invocations
  1164 | D:2      | Reached skill level 1 in Short Blades
  1164 | D:2      | Reached skill level 1 in Long Blades
  1164 | D:2      | Reached skill level 1 in Axes
  1164 | D:2      | Reached skill level 1 in Maces & Flails
  1164 | D:2      | Reached skill level 1 in Polearms
  1164 | D:2      | Reached skill level 1 in Staves
  1164 | D:2      | Reached skill level 1 in Throwing
  1164 | D:2      | Reached skill level 1 in Armour
  1164 | D:2      | Reached skill level 1 in Stealth
  1164 | D:2      | Reached skill level 1 in Shields
  1164 | D:2      | Reached skill level 1 in Unarmed Combat
  1164 | D:2      | Reached skill level 1 in Evocations
  1287 | D:2      | Reached XP level 4. HP: 34/34 MP: 8/8
  1300 | D:2      | Reached skill level 1 in Conjurations
  1300 | D:2      | Reached skill level 1 in Summonings
  1300 | D:2      | Reached skill level 1 in Necromancy
  1300 | D:2      | Reached skill level 1 in Translocations
  1300 | D:2      | Reached skill level 1 in Transmutations
  1300 | D:2      | Reached skill level 1 in Fire Magic
  1300 | D:2      | Reached skill level 1 in Ice Magic
  1300 | D:2      | Reached skill level 1 in Air Magic
  1300 | D:2      | Reached skill level 1 in Earth Magic
  1300 | D:2      | Reached skill level 1 in Poison Magic
  1694 | D:2      | HP: 1/34 [worm (5)]
  1697 | D:2      | Slain by a worm

Illustrated notes

Levels and vault maps discovered:
D:1:      lightli_arrival_chessboard, layout_basic
D:2:      minmay_inner_zag, layout_basic

Skill      XL: |  1  2  3  4 |
---------------+-------------+-----
Invocations    | 1 |  1.4
Short Blades   | 1 |  1.2
Long Blades    | 1 |  1.2
Axes           | 1 |  1.2
Maces & Flails | 1 |  1.2
Polearms       | 1 |  1.2
Staves         | 1 |  1.2
Throwing       | 1 |  1.2
Armour         | 1 |  1.2
Stealth        | 1 |  1.2
Shields        | 1 |  1.2
Unarmed Combat | 1 |  1.2
Evocations     | 1 |  1.2
Spellcasting   | 3 |  3.0
Conjurations   | 1 |  1.0
Summonings     | 1 |  1.0
Necromancy     | 1 |  1.0
Translocations | 1 |  1.0
Transmutations | 1 |  1.0
Fire Magic     | 1 |  1.0
Ice Magic      | 1 |  1.0
Air Magic      | 1 |  1.0
Earth Magic    | 1 |  1.0
Poison Magic   | 1 |  1.0
Fighting       | |  2.8
Ranged Weapons | |  4.7
Dodging        | |  4.7
Hexes          | |  5.5

Action                   |  1- 3 |  4- 6 || total
-------------------------+-------+-------++-------
Melee: Dagger            |     2 |       ||     2
 Fire: Sling             |   144 |    55 ||   199
  Use: Potion            |       |     1 ||     1
Armor: Robe              |     6 |       ||     6
       Chain mail        |   123 |    60 ||   183
Dodge: Dodged            |    39 |    25 ||    64
